 Dungeon Crawl Stone Soup version 0.26-a0-613-g4f23886233 (webtiles) character file.

Game seed: 10536810533548133534

6017 Colgate the Ripper (level 10, -5/63 HPs)
             Began as a Felid Berserker on Sept 11, 2020.
             Was a High Priest of Trog.
             Slain by a yak (6 damage)
             ... in an ice cave.
             The game lasted 02:07:10 (9599 turns).

Colgate the Ripper (Felid Berserker)                Turns: 9599, Time: 02:07:11

Health: -5/63      AC:  2    Str: 13    XL:     10   Next: 56%
Magic:  11/11      EV: 25    Int:  9    God:    Trog [*****.]
Gold:   944        SH:  0    Dex: 19    Spells: 9/9 levels left
                                        Lives:  0   Deaths: 3

rFire    + . .     SeeInvis +     - Unarmed
rCold    . . .     Faith    .   (shield unavailable)
rNeg     . . .     Spirit   .   (armour unavailable)
rPois    +         Reflect  .   (helmet unavailable)
rElec    +         Harm     .   (cloak unavailable)
rCorr    +                      (gloves unavailable)
MR       ++...                  (boots unavailable)
Stlth    ..........             n - amulet of regeneration
HPRegen  0.60/turn              d - ring "Byopog" {rElec rPois rF+ MR+}
MPRegen  0.12/turn              r - ring of resist corrosion

@: berserking (expiring), very quick
A: very small, no armour, no weapons or thrown items, stealth, claws 1, fangs 3,
see invisible, speed 1, shaggy fur 2, sharp paws
a: Berserk, Trog's Hand, Brothers in Arms, Renounce Religion


You were in an ice cave.
You worshipped Trog.
Trog was extremely pleased with you.
You visited 2 branches of the dungeon, and saw 13 of its levels.
You also visited: Ossuary and Ice Cave.

You collected 944 gold pieces.

Inventory:

Jewellery
 c - an uncursed amulet of reflection
 d - the ring "Byopog" (left paw) {rElec rPois rF+ MR+}
   (You found it on level 6 of the Dungeon)

   [ring of protection from magic]

   It protects you from fire.
   It insulates you from electricity.
   It protects you from poison.
   It affects your resistance to hostile enchantments.
 n - an amulet of regeneration (around neck)
 r - a ring of resist corrosion (right paw)
Wands
 b - a wand of polymorph (8)
 g - a wand of iceblast (16)
 m - a wand of random effects (7)
Scrolls
 e - 7 scrolls of fog
 f - 6 scrolls of remove curse
 h - 3 scrolls of noise
 q - 2 scrolls of immolation
 s - a scroll of silence
 t - 4 scrolls of teleportation
 x - a scroll of magic mapping
Potions
 a - 2 potions of ambrosia
 j - 2 potions of might
 k - 3 potions of haste
 l - 11 potions of curing
 o - 5 potions of invisibility
 p - a potion of lignification
 u - a potion of magic
 v - a potion of cancellation
 z - 2 potions of flight
 A - 7 potions of heal wounds
 B - 3 potions of resistance
 C - a potion of stabbing
Miscellaneous
 i - a phantom mirror


   Skills:
 - Level 3.0 Fighting
 + Level 8.2 Dodging
 - Level 9.3 Stealth
 - Level 16.3 Unarmed Combat
 - Level 6.0 Evocations


You had 9 spell levels left.
You didn't know any spells.
Your spell library was empty.

Dungeon Overview and Level Annotations

Branches:
Dungeon (12/15)            Temple (0/1) D:7            Lair (1/6) D:10
    Orc (0/2) D:12        Ossuary (visited)           IceCv (1/1)

Altars:
Makhleb
Nemelex Xobeh
Okawaru
Qazlal
Xom

Shops:
D:5 =

Annotations:
Lair:1 exclusion: oklob plant


Innate Abilities, Weirdness & Mutations

You cannot wear armour.
You are incapable of wielding weapons or throwing items.
Your paws allow you to move quietly. (Stealth)
You have sharp claws.
You have razor-sharp teeth.
You have supernaturally acute eyesight. (SInv)
You cover ground quickly.
You are covered in thick fur. (AC +2)
Your sharp claws are effective at attacking unaware monsters.


Message History

The wolf is almost dead.
The wolf completely misses you.
You closely miss the wolf.
The wolf is almost dead.
The wolf bites you!
* * * LOW HITPOINT WARNING * * *
You scratch the wolf.
You kill the wolf!
Trog accepts your kill.
You barely miss the yak. You claw the yak!
The yak is moderately wounded.
The yak gores you!
* * * LOW HITPOINT WARNING * * *
You barely miss the yak.
The yak is moderately wounded.
You claw the yak!
The yak is heavily wounded.
The yak gores you.
You die...

###########
#..#......#####
######..##.###....####
..##...##### ##.@#.h.#
##.†.### #≈##Y# #
####..# ≈≈# #YY.#
##..# #≈# ...## ### ##
...## ..### ###


You could see 3 yaks.

Vanquished Creatures
  Erolcha (D:9)
  An unseen horror (D:11)
  2 ugly things
  Psyche (D:9)
  A centaur zombie (D:11)
  A centaur skeleton (D:10)
  A cane toad (Lair:1)
  A komodo dragon (Lair:1)
  2 trolls (D:12)
  4 polar bears (IceCv)
  4 blink frogs (Lair:1)
  3 hippogriffs
  Sigmund (D:4)
  A wyvern (D:12)
  9 yaks
  A wraith (D:12)
  4 water moccasins
  5 porcupines
  5 orc warriors
  3 sky beasts
  4 ice beasts
  6 ogres
  2 phantoms
  12 wolves
  2 crocodiles (D:10)
  3 centaurs
  A gnoll sergeant (D:8)
  9 bullfrogs
  4 water moccasin zombies (Ossuary)
  5 scorpions
  A killer bee (D:12)
  4 wights
  5 howler monkeys
  8 hounds
  A quasit (D:9)
  A bullfrog zombie (D:6)
  8 orc priests
  2 bullfrog skeletons
  4 jellies
  17 orc wizards
  An iguana (D:11)
  7 worker ants
  6 big kobold zombies (Ossuary)
  2 hound zombies
  2 hound skeletons
  2 mummies (Ossuary)
  A howler monkey zombie (D:6)
  6 gnolls
  A howler monkey skeleton (D:5)
  10 adders
  3 shadow imps
  A white imp (D:5)
  2 ufetubi
  3 oozes
  7 adder zombies
  A dart slug (D:2)
  3 leopard geckos
  52 orcs
  5 bats
  7 giant cockroaches
  2 gnoll zombies (Ossuary)
  7 goblins
  12 hobgoblins
  17 jackals
  14 kobolds
  5 quokkas
  5 ball pythons
  5 frilled lizards
  3 hobgoblin zombies (Ossuary)
  4 kobold zombies (Ossuary)
  3 orc zombies (Ossuary)
  A quokka zombie (D:5)
  11 rats
361 creatures vanquished.

Vanquished Creatures (collateral kills)
  A gargoyle (D:10)
  Prince Ribbit (D:6)
  A hippogriff (D:11)
  A wyvern (D:10)
  A water moccasin (Lair:1)
  4 orc warriors
  5 ice beasts (D:12)
  A black bear (D:10)
  4 wolves (Lair:1)
  An ogre (D:9)
  A centaur (D:12)
  2 big kobolds
  2 bullfrogs
  A killer bee (D:12)
  3 wights (D:6)
  A howler monkey (D:8)
  A jelly (D:12)
  An orc priest (D:9)
  3 orc wizards
  A worker ant (D:10)
  A gnoll (D:8)
  A shadow imp (D:10)
  A leopard gecko (D:6)
  10 orcs
  6 kobolds
55 creatures vanquished.

Vanquished Creatures (others)
  19 fungi
  21 plants
40 creatures vanquished.

Grand Total: 456 creatures vanquished

Notes
Turn   | Place    | Note
-------+----------+-------------------------------------------
     0 | D:1      | Colgate the Felid Berserker began the quest for the Orb.
     0 | D:1      | Reached XP level 1. HP: 10/10 MP: 2/2
    31 | D:1      | Reached XP level 2. HP: 11/14 MP: 3/3
   274 | D:1      | Reached skill level 4 in Unarmed Combat
   461 | D:1      | Reached XP level 3. HP: 17/17 MP: 4/4
   463 | D:1      | Reached ** piety under Trog
  1202 | D:2      | Reached XP level 4. HP: 21/21 MP: 5/5
  1276 | D:2      | Reached skill level 5 in Unarmed Combat
  1443 | D:3      | Reached skill level 1 in Stealth
  1728 | D:3      | Reached *** piety under Trog
  1923 | D:4      | Reached XP level 5. HP: 24/24 MP: 6/6
  2222 | D:4      | Reached skill level 6 in Unarmed Combat
  2222 | D:4      | Gained mutation: You are covered in thick fur. (AC +2)
                  | [Felid growth]
  2222 | D:4      | Reached XP level 6. HP: 28/28 MP: 7/7
  2325 | D:4      | Noticed a sky beast
  2421 | D:4      | Noticed Sigmund
  2599 | D:4      | Reached skill level 7 in Unarmed Combat
  3000 | D:5      | Entered Level 5 of the Dungeon
  3007 | D:5      | Reached skill level 5 in Stealth
  3053 | D:5      | Reached XP level 7. HP: 31/31 MP: 8/8
  3105 | D:5      | Found a sand-covered staircase.
  3113 | Ossuary  | Entered an ossuary
  3163 | Ossuary  | Reached **** piety under Trog
  3264 | Ossuary  | Reached skill level 8 in Unarmed Combat
  3537 | D:5      | Reached XP level 8. HP: 34/34 MP: 9/9
  3710 | D:5      | Reached skill level 9 in Unarmed Combat
  3926 | D:5      | Reached skill level 10 in Unarmed Combat
  3952 | D:5      | Found Heun's Jewellery Boutique.
  4324 | D:6      | Reached skill level 11 in Unarmed Combat
  4330 | D:6      | Reached XP level 9. HP: 37/37 MP: 10/10
  4486 | D:6      | Noticed Prince Ribbit
  4494 | D:6      | Killed Prince Ribbit
  4568 | D:6      | Got a glittering copper ring
  4569 | D:6      | Identified the ring "Byopog" {rElec rPois rF+ MR+} (You
                  | found it on level 6 of the Dungeon)
  4755 | D:4      | Killed Sigmund
  5168 | D:7      | Reached skill level 12 in Unarmed Combat
  5187 | D:7      | Found a staircase to the Ecumenical Temple.
  5307 | D:7      | Noticed a white ugly thing
  5314 | D:7      | Killed a white ugly thing
  5457 | D:7      | Reached ***** piety under Trog
  5816 | D:8      | Reached XP level 10. HP: 34/42 MP: 11/11
  5823 | D:8      | Reached skill level 13 in Unarmed Combat
  6905 | D:9      | Noticed Erolcha
  6919 | D:9      | Killed Erolcha
  6919 | D:9      | Reached skill level 14 in Unarmed Combat
  7002 | D:9      | Found an iron altar of Okawaru.
  7003 | D:9      | Found a burning altar of Makhleb.
  7005 | D:9      | Found a sparkling altar of Nemelex Xobeh.
  7054 | D:9      | Slain by an ogre
  7055 | D:9      | Reached XP level 9. HP: 0/37 MP: 10/10
  7179 | D:9      | Noticed Psyche
  7186 | D:9      | Killed Psyche
  7189 | D:9      | Found a stormy altar of Qazlal.
  7318 | D:10     | Entered Level 10 of the Dungeon
  7382 | D:10     | Noticed a gargoyle
  7393 | D:10     | Killed a gargoyle
  7399 | D:10     | Reached XP level 10. HP: 30/42 MP: 11/11
  7570 | D:10     | Reached skill level 15 in Unarmed Combat
  7665 | D:10     | Found a staircase to the Lair.
  7969 | D:11     | Found a shimmering altar of Xom.
  8117 | D:11     | Noticed an unseen horror
  8127 | D:11     | Killed an unseen horror
  8340 | D:11     | Reached skill level 16 in Unarmed Combat
  8484 | Lair:1   | Entered Level 1 of the Lair of Beasts
  8514 | Lair:1   | Reached skill level 5 in Dodging
  8514 | Lair:1   | Reached XP level 11. HP: 45/45 MP: 12/12
  8521 | Lair:1   | Reached skill level 1 in Evocations
  8580 | Lair:1   | Slain by a komodo dragon
  8581 | Lair:1   | Reached XP level 10. HP: -2/42 MP: 11/11
  8845 | Lair:1   | Noticed a cane toad
  9107 | Lair:1   | Noticed an oklob plant
  9145 | Lair:1   | Killed a cane toad
  9279 | D:12     | Noticed a green ugly thing
  9328 | D:12     | Mangled by a troll
  9329 | D:12     | Reached XP level 9. HP: -10/37 MP: 10/10
  9354 | D:12     | Reached skill level 5 in Evocations
  9355 | D:12     | Found a frozen archway.
  9356 | D:12     | Noticed a red ugly thing
  9365 | D:12     | Killed a troll
  9368 | D:12     | Killed a green ugly thing
  9368 | D:12     | Reached XP level 10. HP: 35/42 MP: 11/11
  9389 | D:12     | Noticed a vampire mage
  9395 | IceCv    | Entered an ice cave
  9597 | IceCv    | HP: 1/63 [yak (13)]
  9599 | IceCv    | Slain by a yak

Illustrated notes

Levels and vault maps discovered:
D:1:      minmay_arrival_glassed_features, layout_loops_ring
D:2:      layout_loops_ring
D:3:      layout_rooms
D:4:      layout_loops_ring, uniq_sigmund
D:5:      layout_rooms, nicolae_ossuary_entry_plus, serial_shops, shop,
          grunt_decor_fettered
D:6:      layout_rooms, uniq_prince_ribbit1
D:7:      layout_loops_ring, temple_statues
D:8:      layout_basic
D:9:      layout_basic, grunt_qazlal_sundering, gammafunk_temple_overflow_claw,
          uniq_psyche, uniq_erolcha
D:10:     layout_basic, grunt_lair_entry_orc_guard_hut
D:11:     layout_rooms, xom_teletrap_fun
D:12:     evilmike_library_of_no_secrets, layout_loops_ring, zombieorc1_lemuel,
          basic_altar, portal_ice_cave_entry_ice_beasts
Lair:1:   layout_small_grid, beast_lair_carwin_2, minmay_lair_oklob_chamber,
          serial_bayou_shore_a
IceCv:    ice_cave_caverns_01

Skill      XL: |  1  2  3  4  5  6  7  8  9 10 11 |
---------------+----------------------------------+-----
Unarmed Combat | 4 5 6 7 8 11 12 16 | 16.3
Stealth        | 3 4 5 6 9 |  9.3
Dodging        | 8 |  8.2
Evocations     | 5 6 2 |  6.0
Fighting       | |  3.0

Action                   |  1- 3 |  4- 6 |  7- 9 | 10-12 || total
-------------------------+-------+-------+-------+-------++-------
Melee: Unarmed           |    97 |   132 |   318 |   316 ||   863
       Bite              |     7 |    13 |    29 |    33 ||    82
       Punch             |     2 |     1 |    11 |    20 ||    34
Invok: Berserk           |    10 |    13 |    24 |    26 ||    73
       Trog's Hand       |       |       |     3 |     4 ||     7
       Brothers in Arms  |       |       |     3 |    10 ||    13
Evoke: Wand              |       |       |       |    24 ||    24
       Phantom mirror    |       |       |       |     1 ||     1
  Use: Scroll            |       |     3 |    16 |     7 ||    26
       Potion            |       |       |       |     1 ||     1
 Stab: Sleeping          |     2 |     8 |    22 |    14 ||    46
       Distracted        |       |     1 |       |     2 ||     3
       Paralysed         |       |       |       |     1 ||     1
Armor: Skin              |     2 |     2 |    20 |     4 ||    28
Dodge: Dodged            |    64 |    85 |   161 |   205 ||   515
Block: Other             |     7 |       |       |       ||     7
       Reflection        |     3 |       |       |       ||     3

Table legend: (Time is in decaauts)
 A = Elapsed time spent in this place.
 B = Non-inter-level travel time spent in this place.
 C = Inter-level travel time spent in this place.
 D = Time resting spent in this place.
 E = Time spent auto-exploring this place.
 F = Levels seen in this place.
 G = Mean time per level.
                   A        B        C        D        E       F      G
               +--------+--------+--------+--------+--------+-----+--------+
         Total |   8695 |   8045 |    650 |   1113 |   4350 |  15 |  579.7 |
       Dungeon |   7457 |   6835 |    622 |    882 |   3795 |  12 |  621.4 |
          Lair |    647 |    620 |     27 |     73 |    381 |   1 |  647.0 |
       Ossuary |    404 |    404 |      0 |     73 |    128 |   1 |  404.0 |
      Ice Cave |    186 |    186 |      0 |     84 |     44 |   1 |  186.0 |
               +--------+--------+--------+--------+--------+-----+--------+

Top non-repeatable levels by time:
     D:4: 1118 daAuts
     D:8: 879 daAuts
     D:1: 703 daAuts
     D:5: 684 daAuts
     D:3: 663 daAuts
  Lair:1: 647 daAuts
     D:7: 635 daAuts
     D:2: 599 daAuts
    D:10: 564 daAuts
    D:11: 544 daAuts
     D:9: 502 daAuts
     D:6: 482 daAuts
 Ossuary: 404 daAuts
   IceCv: 186 daAuts
    D:12: 79 daAuts
